 Dungeon Crawl Stone Soup version 0.18.1-2-ga659475 (webtiles) character file.

988 jacquesderrida the Skirmisher (level 8, -17/42 HPs)
             Began as a Vine Stalker Wanderer on May 8, 2016.
             Was an Initiate of Ashenzari.
             Demolished by SkaryMonk's ghost (32 damage)
             ... on level 6 of the Dungeon.
             The game lasted 00:09:34 (2213 turns).

jacquesderrida the Skirmisher (VSWn)                Turns: 2213, Time: 00:09:35

Health: -17/42     AC:  4    Str: 12    XL:     8   Next: 18%
Magic:  0/9        EV: 14    Int: 13    God:    Ashenzari [......]
Gold:   233        SH:  0    Dex: 18    Spells: 0 memorised, 7 levels left

rFire  . . .     SeeInvis .     C - +2 falchion (slice)
rCold  . . .     Gourm    .     l - +1 leather armour {rPois} (curse)
rNeg   . . .     Faith    .     (no shield)
rPois  +         Spirit   +     I - +0 hat
rElec  .         Dismiss  .     (no cloak)
rCorr  .         Reflect  .     (no gloves)
SustAt .         Harm     .     (no boots)
MR     +....                    (no amulet)
Stlth  ++........               (no ring)
                                (no ring)

@: very slightly contaminated, hasted, very quick, somewhat resistant to hostile
enchantments, unstealthy
A: fangs 3, regeneration 2, magic shield, antimagic bite, no device heal 3, rot
immunity
a: Curse Item, Renounce Religion


You were on level 6 of the Dungeon.
You worshipped Ashenzari.
Ashenzari was noncommittal.
You were not hungry.

You visited 2 branches of the dungeon, and saw 7 of its levels.
You also visited: Ossuary.

You collected 233 gold pieces.

Inventory:

Hand Weapons
 a - a +2 short sword
 e - a +0 dagger
 k - a +0 falchion
 C - a +2 falchion of slicing (weapon)
Missiles
 i - 11 poisoned needles
Armour
 d - a +0 robe
 j - a +0 scale mail
 l - a cursed +1 leather armour of poison resistance (worn)
 I - a +0 hat (worn)
Wands
 o - a wand of digging (4/24)
 E - a wand of flame (27/48)
Scrolls
 h - 2 scrolls of fear {unknown}
 m - 5 scrolls of teleportation
 u - 2 scrolls of noise {unknown}
 y - a scroll of fog {unknown}
 A - a scroll of amnesia {unknown}
 D - a scroll of blinking {unknown}
 F - a scroll of enchant weapon {unknown}
 G - 4 scrolls of identify {unknown}
 H - a scroll of enchant armour {unknown}
Potions
 b - 3 potions of lignification
 n - 2 potions of flight {unknown}
 r - 2 potions of resistance
 s - a potion of mutation {unknown}
 t - 2 potions of degeneration {unknown}
 v - a potion of agility {unknown}
 w - a potion of haste
 x - a potion of curing
Books
 c - Reskim Orom's Reference Book on Dark Magic

   Spells                             Type                      Level
   a - Animate Skeleton               Necromancy                   1
   b - Vampiric Draining              Necromancy                   3
 p - a book of Misfortune

   Spells                             Type                      Level
   a - Confusing Touch                Hexes                        2
   b - Confuse                        Hexes                        3
   c - Gell's Gravitas                Hexes/Translocation          3
   d - Petrify                        Transmutation/Earth          4
   e - Metabolic Englaciation         Hexes/Ice                    5
   f - Yara's Violent Unravelling     Hexes/Transmutation          5
Comestibles
 f - a bread ration
 g - a slice of pizza
 q - 10 fruits
 B - 5 meat rations


   Skills:
 + Level 4.9 Fighting
 - Level 2.6(3.9) Short Blades
 + Level 4.4(4.8) Long Blades
 + Level 4.2 Dodging
 - Level 2.4 Stealth
   Level 1.0 Summonings
   Level 2.0 Necromancy
 - Level 1.0 Evocations


You had 7 spell levels left.
You didn't know any spells.

Dungeon Overview and Level Annotations

Branches:
Dungeon (6/15)             Temple (1/1) D:6

Altars:
Ashenzari
Cheibriados
Dithmenos
Elyvilon
Fedhas
Gozag
Kikubaaqudgha
Nemelex Xobeh
Okawaru
Qazlal
Ru
Sif Muna
Yredelemnul
Zin
The Shining One

Annotations:
D:4 CrazyArbalest's ghost, novice MiHu
D:6 SkaryMonk's ghost, novice OgHu


Innate Abilities, Weirdness & Mutations

You have razor-sharp teeth.
You heal very quickly.
When hurt, damage is shared between your health and your magic reserves.
Your bite disrupts and absorbs the magic of your enemies.
Potions and wands cannot restore your health.
You are immune to rotting.


Message History

Okay, then.
There is a stone staircase leading down here.
Drink which item? (? for menu, Esc to quit)
It was a potion of resistance.
You feel protected.
Drink which item? (? for menu, Esc to quit)
It was a potion of cancellation.
Your magical effects are unravelling.
You feel magically purged.
Your resistance to elements expires.
Drink which item? (? for menu, Esc to quit)
It was a potion of curing.
That felt strangely inert.
Drink which item? (? for menu, Esc to quit)
It was a potion of haste.
You feel yourself speed up.
You are very lightly contaminated with residual magic.
SkaryMonk's ghost hits you!!
Ouch! That really hurt!
You barely miss SkaryMonk's ghost. SkaryMonk's ghost hits you!!
Ouch! That really hurt!
You die...

.......####.....#...........#
......## #..##..#...........#
......# #..####............##
......# #.# ##..........##
......##.. #####.........##
......#..# ##.....>.....#..##
........# ##...........###..#
.......####...⌠.............#
.........)......@........##....
####....###.⌠.>W⌠........# .
####....# #.[.........<..#
........# #...⌠..........#
........# #..............#
........# ##.......<....##
.....(..# ##..........##
.........# ############
.........#


You could see SkaryMonk's ghost.

Vanquished Creatures
  Menkaure (D:4)
  A water moccasin (D:6)
  An ogre (D:5)
  A giant frog (D:6)
  A howler monkey (D:3)
  2 centaur zombies (Ossuary)
  A human zombie (Ossuary)
  A giant frog skeleton (D:5)
  A hound (D:5)
  An orc priest (D:5)
  2 iguanas
  2 worker ants (D:4)
  3 orc wizards
  Terence (D:3)
  A big kobold zombie (Ossuary)
  A hound skeleton (D:5)
  4 mummies (Ossuary)
  A worker ant zombie (D:6)
  3 adders
  2 shadow imps
  An adder skeleton (D:4)
  A giant gecko (D:5)
  17 orcs
  A giant cockroach (D:6)
  2 hobgoblins (D:3)
  3 jackals (D:5)
  3 kobolds
  A quokka (D:6)
  A ball python (D:3)
  A bat (D:1)
  3 giant newts
  A gnoll zombie (Ossuary)
  4 goblins
  2 goblin zombies (Ossuary)
  An orc zombie (Ossuary)
  A rat (D:3)
74 creatures vanquished.

Notes
Turn   | Place    | Note
--------------------------------------------------------------
     0 | D:1      | jacquesderrida the Vine Stalker Wanderer began the quest for the Orb.
     0 | D:1      | jacquesderrida set off with: a +2 short sword, a potion of lignification, Reskim Orom's Reference Book on Dark Magic, a +0 robe, a +0 dagger, a bread ration
     0 | D:1      | Reached XP level 1. HP: 10/10 MP: 2/2
     0 | D:1      | Identified Reskim Orom's Reference Book on Dark Magic
   157 | D:2      | Reached XP level 2. HP: 14/14 MP: 3/3
   167 | D:3      | Reached skill level 1 in Dodging
   410 | D:3      | Reached XP level 3. HP: 11/18 MP: 2/4
   432 | D:4      | Noticed CrazyArbalest's ghost (novice MiHu)
   467 | D:3      | Reached skill level 1 in Long Blades
   467 | D:3      | Reached XP level 4. HP: 3/23 MP: 1/5
   636 | D:4      | Found a sand-covered staircase.
   643 | Ossuary  | Entered an ossuary
   676 | Ossuary  | Reached XP level 5. HP: 13/27 MP: 4/6
   822 | Ossuary  | Gained mutation: You heal very quickly. [Vine Stalker growth]
   822 | Ossuary  | Reached XP level 6. HP: 12/32 MP: 7/7
  1135 | D:3      | Noticed Terence
  1148 | D:3      | Killed Terence
  1256 | D:5      | Entered Level 5 of the Dungeon
  1256 | D:5      | Found a deep blue altar of Sif Muna.
  1292 | D:4      | Noticed Menkaure
  1300 | D:4      | Killed Menkaure
  1300 | D:4      | Reached XP level 7. HP: 9/37 MP: 5/8
  1621 | D:5      | Found a stormy altar of Qazlal.
  1734 | D:5      | Found an ancient bone altar of Kikubaaqudgha.
  1791 | D:6      | Found a staircase to the Ecumenical Temple.
  1815 | Temple   | Entered the Ecumenical Temple
  1857 | Temple   | Became a worshipper of Ashenzari the Shackled
  1989 | D:6      | Gained mutation: You have razor-sharp teeth. [Vine Stalker growth]
  1989 | D:6      | Reached XP level 8. HP: 14/42 MP: 2/9
  2162 | D:6      | Found an iron altar of Okawaru.
  2205 | D:6      | Noticed SkaryMonk's ghost (novice OgHu)
  2213 | D:6      | Demolished by SkaryMonk's ghost

Skill      XL: |  1  2  3  4  5  6  7 |
---------------+----------------------+-----
Dodging        | 1 2 3 4 |  4.2
Fighting       | 2 3 4 |  4.9
Long Blades    | 1 2 3 4 |  4.4
Short Blades   | |  2.6
Stealth        | |  2.4
Summonings     | |  1.0
Necromancy     | |  2.0
Evocations     | |  1.0

Action                   |  1- 3 |  4- 6 |  7- 9 || total
-------------------------+-------+-------+-------++-------
Melee: Short sword       |    58 |   134 |    20 ||   212
       Bite              |     7 |    45 |    34 ||    86
       Falchion          |     2 |       |   120 ||   122
Invok: Curse Item        |       |       |     1 ||     1
Evoke: Wand              |       |       |     4 ||     4
  Use: Potion            |     1 |       |     5 ||     6
       Scroll            |       |     7 |       ||     7
 Stab: Sleeping          |     1 |     8 |       ||     9
  Eat: Chunk             |       |     2 |     3 ||     5
Armor: Robe              |     4 |       |       ||     4
       Skin              |    37 |       |     7 ||    44
       Leather armour    |    13 |    10 |    34 ||    57
Dodge: Dodged            |    32 |    65 |    97 ||   194
